 Dungeon Crawl Stone Soup version 0.27-a0-364-g31b3477 (webtiles) character file.

Game seed: 384974394011111795

301 MrTaco21 the Cudgeller (level 6, -8/37 HPs)
             Began as a Gargoyle Fighter on Feb 16, 2021.
             Mangled by an ogre
             ... wielding a +0 giant club
              (14 damage)
             ... on level 4 of the Dungeon.
             The game lasted 00:02:57 (3162 turns).

MrTaco21 the Cudgeller (Gargoyle Fighter)           Turns: 3162, Time: 00:02:58

Health: -8/37      AC: 12    Str: 21    XL:     6   Next: 37%
Magic:  6/6        EV:  7    Int:  9    God:
Gold:   232        SH:  9    Dex:  9    Spells: 5/5 levels left

rFire    . . .     SeeInvis .   m - +1 flail (holy)
rCold    . . .     Faith    .   c - +0 kite shield
rNeg     + . .     Spirit   .   b - +0 scale mail
rPois    ∞         Reflect  .   (no helmet)
rElec    +         Harm     .   (no cloak)
rCorr    .         Rampage  .   i - +0 pair of gloves
Will     .....                  (no boots)
Stlth    ..........             (no amulet)
HPRegen  0.12/turn              (no ring)
MPRegen  0.10/turn              (no ring)

@: no status effects
A: negative energy resistance 1, electricity resistance, unbreathing,
petrification resistance, miasma immunity, AC +4
a: no special abilities


You were on level 4 of the Dungeon.
You visited 1 branch of the dungeon, and saw 4 of its levels.

You collected 232 gold pieces.

Inventory:

Hand Weapons
 m - a +1 flail of holy wrath (weapon)
   (You took it off an orc on level 3 of the Dungeon)
Armour
 b - a +0 scale mail (worn)
 c - a +0 kite shield (worn)
 i - a +0 pair of gloves (worn)
   (You found it on level 1 of the Dungeon)
Scrolls
 e - a scroll of magic mapping {unknown}
 g - a scroll of enchant weapon {unknown}
 h - a scroll of blinking {unknown}
 j - a scroll of identify {unknown}
 k - a scroll of fog {unknown}
Potions
 a - a potion of brilliance {unknown}
 d - 2 potions of might
 f - 2 potions of flight {unknown}
 l - a potion of lignification {unknown}
 n - a potion of curing {unknown}
 o - a potion of heal wounds {unknown}
 p - 2 potions of resistance {unknown}


   Skills:
 - Level 3.2 Fighting
 + Level 6.5 Maces & Flails
 - Level 3.2 Armour
 - Level 3.2 Shields


You had 5 spell levels left.
You didn't know any spells.
Your spell library was empty.

Dungeon Overview and Level Annotations

Branches:
Dungeon (4/15)
 Temple: D:4-7

Altars:
Uskayaw


Innate Abilities, Weirdness & Mutations

You are resistant to torment.
Your stone body is resilient. (AC +4)
You are immune to poison.
You resist negative energy. (rN+)
You are resistant to electric shocks. (rElec)
You can survive without breathing.
You are immune to petrification.
You are immune to miasma.


Message History

The ball python constricts you.
You closely miss the ball python.
The ball python bites you but does no damage.
The ball python constricts you.
You closely miss the ball python. The ball python barely misses you.
The ball python constricts you.
The ball python bites you but does no damage.
The ball python constricts you.
You hit the ball python.
You kill the ball python!
The worker ant barely misses you.
You sock the worker ant! The worker ant barely misses you.
You barely miss the worker ant. The worker ant bites you.
You block the worker ant's attack.
You hit the worker ant but do no damage.
The worker ant bites you but does no damage.
The worker ant bites you.
You sock the worker ant! You block the worker ant's attack.
You barely miss the worker ant. The worker ant bites you. x2
You completely miss the worker ant. You block the worker ant's attack.
You hit the worker ant but do no damage.
The worker ant bites you.
The worker ant bites you but does no damage.
You hit the worker ant but do no damage.
The worker ant bites you but does no damage. x2
You hit the worker ant but do no damage.
The worker ant bites you.
You barely miss the worker ant.
The worker ant bites you but does no damage.
You block the worker ant's attack.
You completely miss the worker ant.
The worker ant bites you but does no damage.
You block the worker ant's attack.
You hit the worker ant but do no damage.
The worker ant bites you.
You sock the worker ant!
You kill the worker ant!
You barely miss the ogre. The ogre closely misses you.
You barely miss the ogre. You block the ogre's attack.
You hit the ogre. You block the ogre's attack.
You hit the ogre. The ogre hits you with a +0 giant club!
* * * LOW HITPOINT WARNING * * *
You completely miss the ogre. The ogre hits you with a +0 giant club!
* * * LOW HITPOINT WARNING * * *
The ogre barely misses you.
Unknown command.
You closely miss the ogre.
Unknown command.
You barely miss the ogre. The ogre hits you with a +0 giant club!
You die...

.#.## #.#.#..# ..
.#.# #.#.#..# ...
...# #.#....# ....
.#######.##B..#.....
..........O.........
.#######.###O#####..
.....# #.# #.....#
.....###.#######O#
.....B.....# #@#
...........# ###
...............
.####......####
.....####..# .###.#
#.# ..##. .# ..##.
.. ..### +


You could see an ogre.

Vanquished Creatures
  A phantom (D:4)
  A hound (D:4)
  An orc wizard (D:3)
  2 worker ants (D:4)
  A hound skeleton (D:4)
  2 adders (D:2)
  3 worms
  2 dart slugs
  7 orcs
  4 bats
  3 giant cockroaches
  10 goblins
  8 hobgoblins
  4 jackals (D:2)
  6 kobolds
  3 quokkas
  4 ball pythons
  4 frilled lizards
  8 rats
74 creatures vanquished.

Notes
Turn   | Place    | Note
-------+----------+-------------------------------------------
     0 | D:1      | MrTaco21 the Gargoyle Fighter began the quest for the Orb.
     0 | D:1      | Reached XP level 1. HP: 14/14 MP: 1/1
   126 | D:1      | Reached XP level 2. HP: 16/19 MP: 2/2
   431 | D:1      | Reached skill level 3 in Maces & Flails
   642 | D:1      | Reached XP level 3. HP: 21/23 MP: 3/3
  1218 | D:2      | Reached skill level 4 in Maces & Flails
  1344 | D:2      | Reached XP level 4. HP: 28/28 MP: 4/4
  1784 | D:3      | Reached skill level 5 in Maces & Flails
  1898 | D:3      | Reached XP level 5. HP: 31/32 MP: 5/5
  2568 | D:4      | Noticed a phantom
  2587 | D:4      | Killed a phantom
  2588 | D:4      | Reached skill level 6 in Maces & Flails
  2588 | D:4      | Reached XP level 6. HP: 9/37 MP: 6/6
  2904 | D:4      | Found a hide-covered altar of Uskayaw.
  3162 | D:4      | Mangled by an ogre

Illustrated notes

Levels and vault maps discovered:
D:1:      lightli_arrival_farm, layout_rooms, serial_rivers,
          chequers_serial_rivers_micro_b, chequers_serial_rivers_marsh,
          chequers_serial_rivers_small_3, chequers_serial_rivers_small_3,
          chequers_serial_rivers_micro_b, st_stairs_8,
          amcnicky_mini_corridor_feature, hex_large, minmay_tree_intersection,
          chequers_serial_rivers_micro_d, minivault_4, minmay_misc_feat_chi,
          amcnicky_mini_rare_corridor_liquid, minmay_tripent
D:2:      layout_basic, nrook_mini_backslash
D:3:      layout_basic
D:4:      layout_basic, nemelex_altar_shiori, eat_drink_and_be_merry_uskayaw,
          minmay_manual_mail

Skill      XL: |  1  2  3  4  5 |
---------------+----------------+-----
Maces & Flails | 3 4 5 6 |  6.5
Fighting       | |  3.2
Armour         | |  3.2
Shields        | |  3.2

Action                   |  1- 3 |  4- 6 || total
-------------------------+-------+-------++-------
Melee: Flail             |   155 |   158 ||   313
Armor: Scale mail        |    91 |    93 ||   184
Dodge: Dodged            |    45 |    45 ||    90
Block: Kite shield       |    85 |    57 ||   142

Table legend: (Time is in decaauts)
 A = Elapsed time spent in this place.
 B = Non-inter-level travel time spent in this place.
 C = Inter-level travel time spent in this place.
 D = Time resting spent in this place.
 E = Time spent auto-exploring this place.
 F = Levels seen in this place.
 G = Mean time per level.
                   A        B        C        D        E       F      G
               +--------+--------+--------+--------+--------+-----+--------+
         Total |   3326 |   3195 |    131 |    521 |   1941 |   4 |  831.5 |
       Dungeon |   3326 |   3195 |    131 |    521 |   1941 |   4 |  831.5 |
               +--------+--------+--------+--------+--------+-----+--------+

Top non-repeatable levels by time:
     D:1: 1034 daAuts
     D:3: 1015 daAuts
     D:2: 745 daAuts
     D:4: 530 daAuts
